AoeStats
← Crazy_Owl

Four Lakes

510175037Analyzed
1v1 RM · 3d ago on Sep 29, 2026· 46m 33s· 2 players
Game mode
Random Map
Map size
Tiny (2 player)
Population
200
Speed
Normal
Resources
Standard
Victory
Conquest
Starting age
Dark Age
Ending age
Imperial Age
RankedLock teamsTeams togetherTeam positionsShared explorationLock speedFull tech treeHidden civsTurbo modeCheats
Victory
Defeat
🇳🇱 Goths · Netherlands
936
+16
🇨🇭 Khmer · Switzerland
936
-16
Crazy_Owl
9:08 Loom
11:51 Feudal Age
12:14 Horse Collar
12:22 Double-Bit Axe
13:30 Wheelbarrow
14:58 Fishing Lines
18:51 Castle Age
17:25 Man-at-Arms
19:16 Fletching
19:27 Scale Mail Armor
19:05 Long Swordsman
20:37 Gillnets
21:07 Bow Saw
22:53 Bodkin Arrow
25:58 Chain Mail Armor
26:44 Forging
29:20 Squires
30:12 Iron Casting
30:29 Heavy Plow
35:23 Imperial Age
34:09 Gold Mining
34:00 Pikeman
35:46 Halberdier
37:33 Elite Huskarl
40:26 Blast Furnace
39:43 Anarchy
40:07 Conscription
spachtel
8:48 Loom
11:53 Feudal Age
12:32 Double-Bit Axe
16:17 Town Watch
19:01 Castle Age
17:21 Stone Mining
18:02 Horse Collar
22:02 Bow Saw
23:48 Fletching
24:53 Husbandry
25:10 Scale Barding Armor
25:16 Forging
26:14 Bloodlines
26:35 Bloodlines
28:48 Heavy Plow
29:02 Gold Mining
30:05 Wheelbarrow
31:29 Iron Casting
33:54 Imperial Age
36:56 Blast Furnace
39:17 Man-at-Arms
40:02 Scale Mail Armor
40:37 Long Swordsman
40:45 Long Swordsman
41:27 Two-Handed Swordsman
43:01 Conscription
43:12 Chain Mail Armor
Connection lost

Rejoining the realm…

Still unreachable

The connection could not be restored.

Session expired

The server has moved on; the page needs a fresh start.